Map: Nightshade LE

Players

Rthor - Winner!

  • Race: Terran Terran
  • Spawn Location: 5:00

xSaintApocx

  • Race: Terran Terran
  • League: Silver
  • Spawn Location: 11:00

VOD

Have the link to the VOD?

Description

Time

  • Played on: Nov. 27, 2019, 1:32 a.m.
  • Length: 12:08
Show
View Real Time Build Order
Export as new Build Order

Rthor Terran - Winner!

Build Orders: Reaper Expand, Mech 

Get SALT Encoding   

  12  0:01  SCV  
  13  0:13  SCV  
  14  0:17  Supply Depot  
  14  0:25  SCV  
  15  0:39  Refinery, SCV  
  16  0:45  Barracks  
  16  0:47  Refinery  
  16  0:51  SCV  
  17  1:03  SCV  
  18  1:15  SCV  
  19  1:33  Reaper  
  19  1:36  Supply Depot, Orbital Command  
  20  1:56  Command Center  
  20  2:03  SCV  
  20  2:08  Refinery  
  21  2:10  Barracks Reactor  
  21  2:15  Barracks Reactor, SCV  
  21  2:21  Barracks Reactor  
  22  2:28  SCV  
  23  2:40  SCV  
  24  2:45  Factory  
  24  2:52  SCV  
  25  3:03  Bunker  
  25  3:04  SCV, Marine x2  
  28  3:10  Orbital Command  
  28  3:16  SCV  
  29  3:22  Marine x2  
  31  3:28  SCV  
  31  3:31  Starport, Widow Mine  
  31  3:33  Bunker  
  34  3:37  SCV  
  34  3:39  Marine  
  34  3:40  SCV, Marine  
  38  3:49  SCV  
  38  3:52  Widow Mine, SCV  
  42  3:57  Marine x2  
  42  4:01  SCV  
  45  4:04  SCV  
  46  4:12  Refinery  
  46  4:13  Starport Reactor  
  46  4:18  Factory  
  46  4:22  Factory Tech Lab, Barracks  
  46  4:25  Factory  
  46  4:52  Starport  
  46  4:59  Supply Depot  
  46  5:02  Factory Tech Lab  
  46  5:03  Supply Depot  
  46  5:05  Supply Depot  
  46  5:11  Factory Tech Lab  
  46  5:20  Refinery  
  46  5:21  Medivac, SCV x2  
  50  5:23  Supply Depot  
  50  5:28  Supply Depot x2  
  50  5:29  Marine  
  50  5:33  SCV x2  
  53  5:38  Siege Tank  
  56  5:45  SCV x2  
  56  5:47  Marine  
  59  5:52  Siege Tank  
  59  5:56  Siege Tank, Engineering Bay  
  65  5:57  SCV x2  
  67  6:05  Marine  
  67  6:09  SCV x2  
  71  6:26  Command Center  
  71  6:27  Barracks Tech Lab  
  70  6:33  Starport  
  70  6:34  Terran Infantry Weapons Level 1, Marine x2  
  72  6:51  Marine x2  
  72  6:52  Marine  
  75  7:01  Siege Tank  
  78  7:05  Command Center  
  78  7:09  Marine x2  
  78  7:10  Marine  
  78  7:14  Siege Tank  
  84  7:26  Marine  
  84  7:27  Marine x2  
  87  7:37  Supply Depot  
  87  7:40  Supply Depot  
  87  7:44  Marine  
  87  7:45  Siege Tank x2, Marine x2  
  96  8:02  Supply Depot, Marine  
  96  8:03  Marine x2  
  99  8:07  Command Center  
  99  8:10  Siege Tank  
  102  8:17  Siege Tank  
  105  8:20  Marine  
  105  8:21  Marine x2  
  105  8:22  Medivac x2  
  105  8:25  Orbital Command  
  112  8:30  SCV  
  76  9:04  Marine x2  
  78  9:12  Barracks Tech Lab  
  78  9:16  Orbital Command  
  78  9:22  Marine x2  
  80  9:24  Orbital Command  
  83  9:31  Siege Tank x3  
  83  9:33  Starport Reactor  
  83  9:37  Sensor Tower  
  89  9:39  Marine  
  89  9:40  Marine  
  89  9:42  SCV x3  
  89  9:43  Marine  
  95  9:54  SCV x2  
  95  9:57  Marine x2  
  99  10:01  Marine  
  99  10:05  Siege Tank x3  
  109  10:14  Factory  
  109  10:15  Marine x2  
  109  10:19  Marine  
  112  10:22  Engineering Bay  
  112  10:26  Orbital Command  
  112  10:33  Marine x2  
  112  10:35  Viking x2  
  118  10:37  Marine  
  119  10:51  Marine x2  
  119  10:55  Marine  
  122  10:58  Siege Tank x2  
  122  10:59  Siege Tank  
  131  11:04  Viking  
  131  11:09  Marine x2  
  135  11:13  Marine  
  136  11:26  Marine x2  
  136  11:30  Siege Tank, Marine  
  135  11:44  Marine x2  
  137  11:48  Marine  
  133  12:05  Sensor Tower  
Show
View Real Time Build Order
Export as new Build Order

xSaintApocx Terran 

Build Orders:  

Get SALT Encoding   

  12  0:01  SCV  
  13  0:13  SCV  
  14  0:20  Supply Depot  
  14  0:28  Supply Depot  
  14  0:40  Supply Depot  
  14  0:51  Barracks  
  14  1:01  SCV  
  15  1:12  Barracks  
  15  1:13  SCV  
  16  1:28  Supply Depot  
  16  1:33  Supply Depot  
  16  1:34  SCV  
  17  1:56  Barracks  
  17  2:10  Supply Depot, Marine  
  17  2:11  Supply Depot  
  17  2:12  Marine  
  19  2:23  Orbital Command  
  19  2:46  Marine x3  
  22  3:04  Marine x3  
  25  3:21  Marine x2  
  25  3:22  Marine  
  28  3:30  Command Center  
  28  3:43  Refinery  
  28  3:44  Refinery  
  28  3:47  SCV  
  29  3:59  SCV  
  30  4:11  SCV  
  30  4:12  Barracks  
  31  4:27  Engineering Bay  
  31  4:29  Marine x3  
  34  4:47  Marine x3  
  37  5:16  Marine x4  
  41  5:28  Planetary Fortress  
  41  5:33  Marine  
  41  5:34  Marine x3  
  45  5:53  Barracks Tech Lab  
  45  5:54  Barracks Tech Lab  
  45  5:55  Barracks Tech Lab  
  45  5:57  Barracks Tech Lab  
  45  6:08  Missile Turret  
  45  6:12  Missile Turret  
  45  6:14  SCV  
  46  6:26  SCV  
  46  6:27  Marauder x2  
  46  6:28  Marauder x2  
  46  6:29  Combat Shield  
  46  6:31  Concussive Shells  
  55  6:36  Stimpack  
  55  6:38  SCV  
  56  6:42  Supply Depot  
  56  6:50  SCV  
  57  7:01  Terran Infantry Armor Level 1  
  57  7:02  SCV  
  57  7:04  Engineering Bay  
  58  7:12  Factory  
  58  7:18  Missile Turret  
  58  7:20  Missile Turret  
  58  7:24  SCV  
  58  7:25  Refinery  
  58  7:26  Refinery  
  59  7:36  SCV  
  60  7:40  Marauder  
  60  7:41  Marauder x2  
  66  7:46  Marauder  
  68  7:51  Terran Infantry Weapons Level 1  
  68  7:58  Starport  
  68  8:00  Factory Reactor  
  68  8:05  SCV  
  69  8:17  SCV  
  63  9:08  Medivac x2  
  67  9:12  SCV  
  68  9:25  SCV  
  68  9:27  Command Center  
  69  9:37  SCV  
  70  9:45  Medivac x2  
  72  9:49  SCV  
  72  9:50  Command Center, Marauder  
  72  9:51  Marauder x3  
  83  10:01  SCV  
  84  10:11  Marine x3  
  84  10:12  Marine  
  84  10:13  SCV  
  89  10:25  SCV  
  90  10:29  Marine x4  
  94  10:39  SCV  
  94  10:41  Armory  
  95  10:46  Supply Depot  
  95  10:47  Marine  
  95  10:48  Supply Depot  
  95  10:49  Refinery  
  96  10:51  SCV  
  96  10:53  Supply Depot  
  97  11:03  SCV  
  98  11:05  Refinery  
  98  11:29  Armory  
Tags
 
Composition
Mech
League
Silver
Matchup
TvT
Race
Terran
Spawn Locations
Cross Positions
Add a new tag
Caveats
  • Supply blocks, unpowered buildings, or Contaminate may cause inaccurate times.
  • Supply counts are checked every 10 seconds.